Canucks vs Oilers

Created - 17 mars 2022 at 16:46

Goals
1 2 3 T
Canucks 1 1 0 2
Oilers 2 2 1 5
Shots
1 2 3 T
Canucks 19 15 10 44
Oilers 10 15 20 45

GoalsPenalties
1st period
1. Oilers , Devin Shore 5 (Robby Fabbri 9, Brian Dumoulin 23) at 6:39
2. Oilers , John Tavares 18 (Kevin Hayes 21, Logan Couture 36) at 12:31
3. Canucks , Alexander Kerfoot 17 (Ian Cole 23) at 13:45
Mike Reilly (EDM) for Holding (Minor) at 17:13
2nd period
4. Canucks , Alex Galchenyuk 11 (Trevor Moore 9, Alexander Kerfoot 29) at 0:53 (PP)
5. Oilers , John Tavares 19 (Kevin Hayes 22, Logan Couture 37) at 2:11
6. Oilers , Tyler Motte 12 (Brian Dumoulin 24, Mike Reilly 18) at 5:33
Justin Faulk (EDM) for Tripping (Minor) at 0:17
Joe Pavelski (EDM) for Holding (Minor) at 10:04
Jordan Eberle (EDM) for Tripping (Minor) at 14:16
Jan Rutta (VAN) for Hooking (Minor) at 16:24
3rd period
7. Oilers , John Tavares 20 (Logan Couture 38, Mark Giordano 56) at 8:15
Ryan Getzlaf (VAN) for Slashing (Minor) at 0:07
Austin Wagner (VAN) for Roughing (Minor) at 5:39
Goalie Stats
Chris Driedger (VAN), 29 saves from 30 shots - (0,967), 34:27 minutes
Thatcher Demko (VAN), 11 saves from 15 shots - (0,733), L, 19-25-3, 25:33 minutes
Connor Hellebuyck (EDM), 42 saves from 44 shots - (0,955), W, 34-18-7, 60:00 minutes
3 StarsOfficial
1 - John Tavares (EDM)
2 - Logan Couture (EDM)
3 - Connor Hellebuyck (EDM)
Referees : Kelly Sutherland and Jacob Brenk
Linesman : Shane Heyer and Darren Gibbs
Game Note
Chris Driedger enters game at 5:33 of 2nd period
John Tavares has scored a Hat Trick!



Team Name Goals Shots Shots Attemp Shots Blocked PIM HIT PP PK FO%
Canucks 24472126181 / 4 (25%)044%
Oilers 5458568170 / 3 (0%)156%

Canucks
Player Name POS G A P +/- PIM HIT SHT SB MP PP MP PP SHT PK MP PK SHT FO% FOT
Alex GalchenyukC/LW1010005119:413:3112:52038% 32
Alexander KerfootC/LW/RW1120026016:493:3110:000100% 1
Artem ZubD000-1030221:043:3102:4400% 0
Arttu RuotsalainenC000000005:240:0000:51050% 8
Austin WagnerLW/RW000-222309:460:0000:0000% 0
Christian FischerRW000-201409:470:0000:00050% 2
David BackesC/RW000000104:330:0000:0000% 1
Ian ColeD011-1011021:043:3112:4400% 0
Jack HughesC/LW/RW000-2024025:593:0223:0500% 2
Jan RuttaD0000202012:030:0000:0000% 0
Jared SpurgeonD000-3005526:523:0223:1300% 0
Jonathan DrouinC/LW/RW000-2012025:463:0202:52020% 5
Jordan OesterleD0000001112:040:0000:0000% 0
P.K. SubbanD000-3020326:523:0203:1300% 0
Quinton ByfieldC000-201209:470:0000:00040% 15
Ryan GetzlafC000-2222025:073:0202:14058% 40
Sam GagnerC/LW/RW000000204:330:0000:0000% 0
Trevor MooreC/LW/RW0110014016:493:3120:00020% 5
Oilers
Player Name POS G A P +/- PIM HIT SHT SB MP PP MP PP SHT PK MP PK SHT FO% FOT
Alex IafalloC/LW0000013022:182:4403:14050% 2
Brian DumoulinD0222011115:080:0004:0500% 0
Casey CizikasC000101109:040:0003:19040% 15
Christian DvorakC/LW0000003010:470:0000:00062% 13
Devin ShoreC/LW101100105:450:0000:00067% 3
Joe PavelskiC/RW0000224219:032:4410:00059% 34
John TavaresC3033008017:513:1310:00059% 29
Jordan EberleRW0000201010:460:0000:0000% 0
Justin FaulkD0002242024:203:2212:2800% 0
Keith YandleD0000011020:312:3510:0000% 0
Kevin HayesC/RW0223015017:513:1310:00060% 5
Logan CoutureC/LW0333001021:053:1303:14067% 6
Mark GiordanoD0110013024:543:2233:3600% 0
Mike ReillyD0112210111:020:0000:0000% 0
Robby FabbriC/LW/RW011100105:450:0000:0000% 0
Ryan PulockD0002013124:032:3522:5700% 0
Tomas TatarLW/RW0000022019:042:4410:0000% 2
Tyler MotteC/LW/RW1010015114:060:0003:19150% 2

Canucks

5 vs 5 Forward
Line #Left WingCenterRight WingPHYDFOFWanted %Time %Time Play
1Jack HughesRyan GetzlafJonathan Drouin1134542%19:52
2Trevor MooreAlex GalchenyukAlexander Kerfoot1132528%13:18
3Austin WagnerQuinton ByfieldChristian Fischer1222021%9:47
4Sam GagnerArttu RuotsalainenDavid Backes1221010%4:33
5 vs 5 Defense
Line #DefenseDefensePHYDFOFWanted %Time %Time Play
1Jared SpurgeonP.K. Subban1224542%20:03
2Artem ZubIan Cole1222531%14:49
3Jan RuttaJordan Oesterle1222025%12:04
4Jared SpurgeonP.K. Subban122101%0:34
Power Play Forward
Line #Left WingCenterRight WingPHYDFOFWanted %Time %Time Play
1Jack HughesRyan GetzlafJonathan Drouin0055046%3:02
2Trevor MooreAlex GalchenyukAlexander Kerfoot0055054%3:31
Power Play Defense
Line #DefenseDefensePHYDFOFWanted %Time %Time Play
1Jared SpurgeonP.K. Subban0055046%3:02
2Artem ZubIan Cole0055054%3:31
Penalty Kill 4 Players Forward
Line #CenterWingPHYDFOFWanted %Time %Time Play
1Ryan GetzlafJack Hughes1225052%3:05
2Alex GalchenyukJonathan Drouin1225048%2:52
Penalty Kill 4 Players Defense
Line #DefenseDefensePHYDFOFWanted %Time %Time Play
1Jared SpurgeonP.K. Subban1225054%3:13
2Artem ZubIan Cole1225046%2:44
Penalty Kill 3 Players
Line #WingPHYDFOFWanted %Time %Time PlayDefenseDefensePHYDFOFWanted %Time %Time Play
1Ryan Getzlaf122500%0:00 Jared SpurgeonJordan Oesterle122500%0:00
2Jack Hughes122500%0:00 Artem ZubIan Cole122500%0:00
4 vs 4 Forward
Line #CenterWingPHYDFOFWanted %Time %Time Play
1Ryan GetzlafJack Hughes122500%0:00
2Alex GalchenyukJonathan Drouin122500%0:00
4 vs 4 Defense
Line #DefensePHYDFOFWanted %Time %Time Play
1Jared SpurgeonJan Rutta122500%0:00
2Artem ZubIan Cole122500%0:00
Last Minutes Offensive
Left WingCenterRight WingDefenseDefense
Jack HughesRyan GetzlafJonathan DrouinJared SpurgeonP.K. Subban
Last Minutes Defensive
Left WingCenterRight WingDefenseDefense
Jack HughesRyan GetzlafJonathan DrouinJared SpurgeonP.K. Subban
Time
Total ForwardTotal DefenseLast Minutes OffensiveLast Minutes Defensive
60:00 60:00 0:000:00
Extra Forwards
Normal PowerPlayPenalty Kill
Jonathan Drouin, Ryan Getzlaf, Jack HughesQuinton Byfield, Austin WagnerArttu Ruotsalainen
Extra Defensemen
Normal PowerPlayPenalty Kill
Jan Rutta, Jordan Oesterle, Artem ZubJan Rutta, Jordan OesterleArtem Zub
Penalty Shots
Ryan Getzlaf, Jack Hughes, Alex Galchenyuk, Jonathan Drouin, Trevor Moore
Goalie
Thatcher Demko, Chris Driedger
Custom OT Lines Forwards
Ryan Getzlaf, Jonathan Drouin, Jack Hughes, Alex Galchenyuk, Trevor Moore, Quinton Byfield, Alexander Kerfoot, Austin Wagner, Arttu Ruotsalainen, Christian Fischer
Custom OT Lines Defensemen
Jared Spurgeon, P.K. Subban, Artem Zub, Ian Cole, Jan Rutta
Scratches
Karson Kuhlman (Healthy), Dakota Mermis (Left Knee Injury), Laurent Dauphin (Healthy)

Oilers

5 vs 5 Forward
Line #Left WingCenterRight WingPHYDFOFWanted %Time %Time Play
1Alex IafalloJoe PavelskiTomas Tatar0413234%16:20
2Logan CoutureJohn TavaresKevin Hayes0323031%14:38
3Tyler MotteChristian DvorakJordan Eberle0412323%10:47
4Devin ShoreCasey CizikasRobby Fabbri1311512%5:45
5 vs 5 Defense
Line #DefenseDefensePHYDFOFWanted %Time %Time Play
1Justin FaulkRyan Pulock0413839%18:31
2Keith YandleMark Giordano0323838%17:56
3Brian DumoulinMike Reilly0412423%11:03
4Keith YandleMark Giordano13100%0:00
Power Play Forward
Line #Left WingCenterRight WingPHYDFOFWanted %Time %Time Play
1Logan CoutureJohn TavaresKevin Hayes0325054%3:13
2Alex IafalloJoe PavelskiTomas Tatar0415046%2:44
Power Play Defense
Line #DefenseDefensePHYDFOFWanted %Time %Time Play
1Keith YandleRyan Pulock0325043%2:35
2Justin FaulkMark Giordano0415057%3:22
Penalty Kill 4 Players Forward
Line #CenterWingPHYDFOFWanted %Time %Time Play
1Casey CizikasTyler Motte1225051%3:19
2Logan CoutureAlex Iafallo0325049%3:14
Penalty Kill 4 Players Defense
Line #DefenseDefensePHYDFOFWanted %Time %Time Play
1Mark GiordanoBrian Dumoulin1225055%3:36
2Ryan PulockJustin Faulk0325045%2:57
Penalty Kill 3 Players
Line #WingPHYDFOFWanted %Time %Time PlayDefenseDefensePHYDFOFWanted %Time %Time Play
1Casey Cizikas122500%0:00 Mark GiordanoBrian Dumoulin122500%0:00
2Logan Couture122500%0:00 Justin FaulkRyan Pulock122500%0:00
4 vs 4 Forward
Line #CenterWingPHYDFOFWanted %Time %Time Play
1John TavaresLogan Couture122500%0:00
2Joe PavelskiKevin Hayes122500%0:00
4 vs 4 Defense
Line #DefensePHYDFOFWanted %Time %Time Play
1Mark GiordanoJustin Faulk122500%0:00
2Ryan PulockBrian Dumoulin122500%0:00
Last Minutes Offensive
Left WingCenterRight WingDefenseDefense
Logan CoutureJohn TavaresTomas TatarMark GiordanoJustin Faulk
Last Minutes Defensive
Left WingCenterRight WingDefenseDefense
Logan CoutureCasey CizikasTyler MotteMark GiordanoBrian Dumoulin
Time
Total ForwardTotal DefenseLast Minutes OffensiveLast Minutes Defensive
60:00 60:00 0:000:00
Extra Forwards
Normal PowerPlayPenalty Kill
John Tavares, Tomas Tatar, Tyler MotteKevin Hayes, Tomas TatarTyler Motte
Extra Defensemen
Normal PowerPlayPenalty Kill
Mark Giordano, Ryan Pulock, Brian DumoulinMark Giordano, Ryan PulockBrian Dumoulin
Penalty Shots
Tomas Tatar, John Tavares, Jordan Eberle, Logan Couture, Robby Fabbri
Goalie
Connor Hellebuyck, Craig Anderson
Custom OT Lines Forwards
Logan Couture, John Tavares, Kevin Hayes, Joe Pavelski, Christian Dvorak, Alex Iafallo, Tomas Tatar, Tyler Motte, Robby Fabbri, Jordan Eberle
Custom OT Lines Defensemen
Mark Giordano, Justin Faulk, Ryan Pulock, Brian Dumoulin, Mike Reilly
Scratches
Vinnie Hinostroza (Healthy), Kevin Labanc (Healthy), Anton Stralman (Healthy)


Play-by-Play

1st period


0:01 of 1st period - Alex Iafallo wins face-off versus Jonathan Drouin in neutral zone.
0:20 of 1st period - Shot by Tomas Tatar.
0:20 of 1st period - Shot Misses the Net.
0:36 of 1st period - Shot by Jared Spurgeon.
0:36 of 1st period - Stopped by Connor Hellebuyck without a rebound.
0:37 of 1st period - Alex Galchenyuk wins face-off versus John Tavares in Oilers zone.
0:52 of 1st period - Trevor Moore is hit by Mark Giordano and loses puck.
1:03 of 1st period - Shot by Alexander Kerfoot.
1:03 of 1st period - Shot Misses the Net.
1:05 of 1st period - Shot by Alexander Kerfoot.
1:05 of 1st period - Stopped by Connor Hellebuyck without a rebound.
1:06 of 1st period - Christian Dvorak wins face-off versus Quinton Byfield in Oilers zone.
1:20 of 1st period - Shot by Tyler Motte.
1:20 of 1st period - Stopped by Thatcher Demko with a rebound.
1:40 of 1st period - Shot by Tyler Motte.
1:40 of 1st period - Shot Misses the Net.
1:42 of 1st period - Shot by Brian Dumoulin.
1:42 of 1st period - Shot Blocked by Jordan Oesterle.
2:36 of 1st period - Shot by Ryan Getzlaf.
2:36 of 1st period - Deflect By Jack Hughes.
2:36 of 1st period - Stopped by Connor Hellebuyck without a rebound.
2:37 of 1st period - John Tavares wins face-off versus Arttu Ruotsalainen in Oilers zone.
3:50 of 1st period - Shot by Alex Galchenyuk.
3:50 of 1st period - Shot Blocked by Ryan Pulock.
4:39 of 1st period - Icing by Keith Yandle.
4:40 of 1st period - Quinton Byfield wins face-off versus Joe Pavelski in Oilers zone.
5:06 of 1st period - Icing by Keith Yandle.
5:07 of 1st period - Ryan Getzlaf wins face-off versus Joe Pavelski in Oilers zone.
5:46 of 1st period - Shot by Ryan Getzlaf.
5:46 of 1st period - Deflect By Jonathan Drouin.
5:46 of 1st period - Shot Misses the Net.
5:48 of 1st period - Shot by Jordan Oesterle.
5:48 of 1st period - Stopped by Connor Hellebuyck with a rebound.
5:50 of 1st period - Shot by Jan Rutta.
5:50 of 1st period - Shot Hit the Post.
6:10 of 1st period - Shot by Jared Spurgeon.
6:10 of 1st period - Shot Blocked by Mike Reilly.
6:21 of 1st period - Shot by Christian Dvorak.
6:21 of 1st period - Shot Misses the Net.
6:23 of 1st period - Shot by Christian Dvorak.
6:23 of 1st period - Deflect By Jordan Eberle.
6:23 of 1st period - Stopped by Thatcher Demko without a rebound.
6:24 of 1st period - Devin Shore wins face-off versus Quinton Byfield in Canucks zone.
6:24 of 1st period - Devin Shore is hit by Ian Cole.
6:37 of 1st period - Shot by Robby Fabbri.
6:37 of 1st period - Shot Misses the Net.
6:39 of 1st period - Shot by Devin Shore.
6:39 of 1st period - Goal by Devin Shore - Canucks : 0 - Oilers : 1.
6:40 of 1st period - Arttu Ruotsalainen wins face-off versus Christian Dvorak in neutral zone.
6:57 of 1st period - Shot by David Backes.
6:57 of 1st period - Deflect By Sam Gagner.
6:57 of 1st period - Stopped by Connor Hellebuyck with a rebound.
6:59 of 1st period - Shot by David Backes.
6:59 of 1st period - Shot Misses the Net.
7:01 of 1st period - Shot by Arttu Ruotsalainen.
7:01 of 1st period - Shot Misses the Net.
7:03 of 1st period - Shot by Arttu Ruotsalainen.
7:03 of 1st period - Deflect By Sam Gagner.
7:03 of 1st period - Stopped by Connor Hellebuyck without a rebound.
7:04 of 1st period - Ryan Getzlaf wins face-off versus Devin Shore in Oilers zone.
7:05 of 1st period - Shot by Jack Hughes.
7:05 of 1st period - Shot Blocked by Brian Dumoulin.
7:07 of 1st period - Shot by Ryan Getzlaf.
7:07 of 1st period - Stopped by Connor Hellebuyck with a rebound.
7:09 of 1st period - Shot by Ryan Getzlaf.
7:09 of 1st period - Stopped by Connor Hellebuyck without a rebound.
7:10 of 1st period - Ryan Getzlaf wins face-off versus Casey Cizikas in Oilers zone.
10:01 of 1st period - Icing by Tyler Motte.
10:02 of 1st period - Arttu Ruotsalainen wins face-off versus Tyler Motte in Oilers zone.
10:13 of 1st period - Shot by David Backes.
10:13 of 1st period - Stopped by Connor Hellebuyck without a rebound.
10:14 of 1st period - John Tavares wins face-off versus Alex Galchenyuk in Oilers zone.
10:35 of 1st period - Shot by John Tavares.
10:35 of 1st period - Shot Misses the Net.
10:39 of 1st period - Shot by Kevin Hayes.
10:39 of 1st period - Shot Misses the Net.
10:41 of 1st period - Shot by John Tavares.
10:41 of 1st period - Shot Misses the Net.
10:55 of 1st period - Shot by Kevin Hayes.
10:55 of 1st period - Stopped by Thatcher Demko without a rebound.
10:56 of 1st period - Ryan Getzlaf wins face-off versus Joe Pavelski in Canucks zone.
11:05 of 1st period - Shot by Jonathan Drouin.
11:05 of 1st period - Shot Blocked by Joe Pavelski.
11:07 of 1st period - Shot by Jared Spurgeon.
11:07 of 1st period - Stopped by Connor Hellebuyck without a rebound.
11:08 of 1st period - Casey Cizikas wins face-off versus Quinton Byfield in Oilers zone.
12:01 of 1st period - Logan Couture is hit by Christian Fischer and loses puck.
12:25 of 1st period - Shot by Kevin Hayes.
12:25 of 1st period - Shot Misses the Net.
12:27 of 1st period - Shot by Logan Couture.
12:27 of 1st period - Shot Misses the Net.
12:29 of 1st period - Shot by Kevin Hayes.
12:29 of 1st period - Stopped by Thatcher Demko with a rebound.
12:31 of 1st period - Shot by John Tavares.
12:31 of 1st period - Goal by John Tavares - Canucks : 0 - Oilers : 2.
12:32 of 1st period - Joe Pavelski wins face-off versus Jonathan Drouin in neutral zone.
12:56 of 1st period - Shot by Jonathan Drouin.
12:56 of 1st period - Stopped by Connor Hellebuyck with a rebound.
12:58 of 1st period - Shot by Jan Rutta.
12:58 of 1st period - Shot Misses the Net.
13:00 of 1st period - Shot by Jan Rutta.
13:00 of 1st period - Stopped by Connor Hellebuyck with a rebound.
13:12 of 1st period - Shot by Jonathan Drouin.
13:12 of 1st period - Shot Misses the Net.
13:45 of 1st period - Shot by Alexander Kerfoot.
13:45 of 1st period - Goal by Alexander Kerfoot - Canucks : 1 - Oilers : 2.
13:46 of 1st period - John Tavares wins face-off versus Arttu Ruotsalainen in neutral zone.
14:15 of 1st period - Shot by Sam Gagner.
14:15 of 1st period - Shot Misses the Net.
14:23 of 1st period - Shot by Ryan Pulock.
14:23 of 1st period - Shot Blocked by Artem Zub.
14:32 of 1st period - Artem Zub is hit by Justin Faulk and loses puck.
15:20 of 1st period - Icing by Jordan Eberle.
15:21 of 1st period - Christian Dvorak wins face-off versus Alex Galchenyuk in Oilers zone.
15:21 of 1st period - Christian Dvorak is hit by Alexander Kerfoot.
15:28 of 1st period - Off-side.
15:29 of 1st period - Joe Pavelski wins face-off versus Alex Galchenyuk in neutral zone.
15:34 of 1st period - Shot by Joe Pavelski.
15:34 of 1st period - Stopped by Thatcher Demko with a rebound.
15:40 of 1st period - Shot by Alexander Kerfoot.
15:40 of 1st period - Stopped by Connor Hellebuyck without a rebound.
15:41 of 1st period - Quinton Byfield wins face-off versus Casey Cizikas in Oilers zone.
15:42 of 1st period - Shot by Christian Fischer.
15:42 of 1st period - Stopped by Connor Hellebuyck without a rebound.
15:43 of 1st period - Joe Pavelski wins face-off versus Ryan Getzlaf in Oilers zone.
15:45 of 1st period - Icing by Tomas Tatar.
15:46 of 1st period - Joe Pavelski wins face-off versus Ryan Getzlaf in Oilers zone.
16:06 of 1st period - Shot by Jack Hughes.
16:06 of 1st period - Stopped by Connor Hellebuyck without a rebound.
16:07 of 1st period - Alex Galchenyuk wins face-off versus John Tavares in Oilers zone.
16:20 of 1st period - Shot by Kevin Hayes.
16:20 of 1st period - Stopped by Thatcher Demko without a rebound.
16:21 of 1st period - Ryan Getzlaf wins face-off versus Joe Pavelski in Canucks zone.
16:21 of 1st period - Ryan Getzlaf is hit by Tomas Tatar.
16:27 of 1st period - Shot by Jonathan Drouin.
16:27 of 1st period - Stopped by Connor Hellebuyck without a rebound.
16:28 of 1st period - Joe Pavelski wins face-off versus Ryan Getzlaf in Oilers zone.
16:32 of 1st period - Icing by Brian Dumoulin.
16:33 of 1st period - Ryan Getzlaf wins face-off versus Tomas Tatar in Oilers zone.
16:37 of 1st period - Jack Hughes is hit by Brian Dumoulin and loses puck.
17:13 of 1st period - Minor Penalty to Mike Reilly for Holding.
17:14 of 1st period - Casey Cizikas wins face-off versus Alex Galchenyuk in Oilers zone.
18:02 of 1st period - Icing by Trevor Moore.
18:03 of 1st period - Casey Cizikas wins face-off versus Alex Galchenyuk in Canucks zone.
19:03 of 1st period - Shot by Jack Hughes.
19:03 of 1st period - Stopped by Connor Hellebuyck without a rebound.
19:04 of 1st period - Ryan Getzlaf wins face-off versus Logan Couture in Oilers zone.
19:25 of 1st period - Shot by Quinton Byfield.
19:25 of 1st period - Deflect By Christian Fischer.
19:25 of 1st period - Stopped by Connor Hellebuyck with a rebound.
19:43 of 1st period - Shot by Kevin Hayes.
19:43 of 1st period - Stopped by Thatcher Demko without a rebound.
19:44 of 1st period - Arttu Ruotsalainen wins face-off versus Christian Dvorak in Canucks zone.
19:53 of 1st period - Shot by Tyler Motte.
19:53 of 1st period - Stopped by Thatcher Demko without a rebound.
19:54 of 1st period - Joe Pavelski wins face-off versus Ryan Getzlaf in Canucks zone.
Goals for this period are 1 for Canucks vs 2 for Oilers.
Shots for this period are 19 for Canucks vs 10 for Oilers.

2nd period


0:01 of 2nd period - Christian Dvorak wins face-off versus Ryan Getzlaf in neutral zone.
0:11 of 2nd period - Justin Faulk is hit by Ryan Getzlaf and loses puck.
0:17 of 2nd period - Minor Penalty to Justin Faulk for Tripping.
0:18 of 2nd period - Logan Couture wins face-off versus Alex Galchenyuk in Oilers zone.
0:18 of 2nd period - Logan Couture is hit by Trevor Moore.
0:53 of 2nd period - Shot by Trevor Moore.
0:53 of 2nd period - Deflect By Alex Galchenyuk.
0:53 of 2nd period - Goal by Alex Galchenyuk - Canucks : 2 - Oilers : 2.
0:54 of 2nd period - Christian Dvorak wins face-off versus Ryan Getzlaf in neutral zone.
1:34 of 2nd period - Shot by Tyler Motte.
1:34 of 2nd period - Shot Misses the Net.
1:59 of 2nd period - Shot by Tomas Tatar.
1:59 of 2nd period - Stopped by Thatcher Demko without a rebound.
2:00 of 2nd period - Kevin Hayes wins face-off versus Alex Galchenyuk in Canucks zone.
2:03 of 2nd period - Shot by Brian Dumoulin.
2:03 of 2nd period - Stopped by Thatcher Demko without a rebound.
2:04 of 2nd period - John Tavares wins face-off versus Alex Galchenyuk in Canucks zone.
2:09 of 2nd period - Shot by John Tavares.
2:09 of 2nd period - Deflect By Logan Couture.
2:09 of 2nd period - Shot Misses the Net.
2:11 of 2nd period - Shot by Kevin Hayes.
2:11 of 2nd period - Deflect By John Tavares.
2:11 of 2nd period - Goal by John Tavares - Canucks : 2 - Oilers : 3.
2:12 of 2nd period - Joe Pavelski wins face-off versus Trevor Moore in neutral zone.
2:12 of 2nd period - Joe Pavelski is hit by Alexander Kerfoot.
2:16 of 2nd period - Shot by Joe Pavelski.
2:16 of 2nd period - Stopped by Thatcher Demko with a rebound.
2:46 of 2nd period - Shot by Trevor Moore.
2:46 of 2nd period - Stopped by Connor Hellebuyck with a rebound.
2:48 of 2nd period - Shot by Alexander Kerfoot.
2:48 of 2nd period - Stopped by Connor Hellebuyck without a rebound.
2:49 of 2nd period - Christian Fischer wins face-off versus John Tavares in Oilers zone.
3:26 of 2nd period - Shot by Christian Fischer.
3:26 of 2nd period - Shot Misses the Net.
3:28 of 2nd period - Shot by Quinton Byfield.
3:28 of 2nd period - Shot Misses the Net.
5:25 of 2nd period - Shot by Christian Dvorak.
5:25 of 2nd period - Shot Misses the Net.
5:33 of 2nd period - Shot by Tyler Motte.
5:33 of 2nd period - Goal by Tyler Motte - Canucks : 2 - Oilers : 4.
5:33 of 2nd period - Chris Driedger enters game.
5:34 of 2nd period - Trevor Moore wins face-off versus Casey Cizikas in neutral zone.
7:37 of 2nd period - Shot by Alex Iafallo.
7:37 of 2nd period - Stopped by Chris Driedger without a rebound.
7:38 of 2nd period - Kevin Hayes wins face-off versus Arttu Ruotsalainen in Canucks zone.
7:48 of 2nd period - Off-side.
7:49 of 2nd period - Alex Galchenyuk wins face-off versus Casey Cizikas in neutral zone.
7:54 of 2nd period - Shot by Alexander Kerfoot.
7:54 of 2nd period - Deflect By Trevor Moore.
7:54 of 2nd period - Shot Misses the Net.
7:56 of 2nd period - Shot by Trevor Moore.
7:56 of 2nd period - Deflect By Alex Galchenyuk.
7:56 of 2nd period - Stopped by Connor Hellebuyck with a rebound.
7:58 of 2nd period - Shot by Jared Spurgeon.
7:58 of 2nd period - Stopped by Connor Hellebuyck without a rebound.
7:59 of 2nd period - John Tavares wins face-off versus Arttu Ruotsalainen in Oilers zone.
8:10 of 2nd period - Shot by Logan Couture.
8:10 of 2nd period - Shot Misses the Net.
8:27 of 2nd period - Icing by John Tavares.
8:28 of 2nd period - Ryan Getzlaf wins face-off versus John Tavares in Oilers zone.
8:34 of 2nd period - Ryan Getzlaf is hit by Justin Faulk.
8:41 of 2nd period - Off-side.
8:42 of 2nd period - Joe Pavelski wins face-off versus Trevor Moore in neutral zone.
8:58 of 2nd period - Jordan Oesterle is hit by Alex Iafallo and loses puck.
9:15 of 2nd period - Shot by Alexander Kerfoot.
9:15 of 2nd period - Deflect By Trevor Moore.
9:15 of 2nd period - Shot Blocked by Joe Pavelski.
9:17 of 2nd period - Shot by Jan Rutta.
9:17 of 2nd period - Stopped by Connor Hellebuyck without a rebound.
9:18 of 2nd period - Ryan Getzlaf wins face-off versus John Tavares in Oilers zone.
9:18 of 2nd period - Jared Spurgeon is hit by Mike Reilly and loses puck.
9:32 of 2nd period - Icing by Mike Reilly.
9:33 of 2nd period - John Tavares wins face-off versus Quinton Byfield in Oilers zone.
9:38 of 2nd period - Shot by Logan Couture.
9:38 of 2nd period - Stopped by Chris Driedger without a rebound.
9:39 of 2nd period - Joe Pavelski wins face-off versus Ryan Getzlaf in Canucks zone.
9:42 of 2nd period - Shot by Alex Iafallo.
9:42 of 2nd period - Stopped by Chris Driedger without a rebound.
9:43 of 2nd period - Ryan Getzlaf wins face-off versus Joe Pavelski in Canucks zone.
9:43 of 2nd period - Ryan Getzlaf is hit by Joe Pavelski.
10:04 of 2nd period - Minor Penalty to Joe Pavelski for Holding.
10:05 of 2nd period - Alex Galchenyuk wins face-off versus Casey Cizikas in Oilers zone.
10:06 of 2nd period - Shot by Trevor Moore.
10:06 of 2nd period - Stopped by Connor Hellebuyck with a rebound.
10:08 of 2nd period - Shot by Trevor Moore.
10:08 of 2nd period - Stopped by Connor Hellebuyck with a rebound.
10:28 of 2nd period - Shot by Ian Cole.
10:28 of 2nd period - Shot Blocked by Tyler Motte.
10:40 of 2nd period - Shot by Alexander Kerfoot.
10:40 of 2nd period - Shot Misses the Net.
10:42 of 2nd period - Shot by Alexander Kerfoot.
10:42 of 2nd period - Stopped by Connor Hellebuyck without a rebound.
10:43 of 2nd period - Casey Cizikas wins face-off versus Ryan Getzlaf in Oilers zone.
11:02 of 2nd period - Shot by Jared Spurgeon.
11:02 of 2nd period - Stopped by Connor Hellebuyck without a rebound.
11:03 of 2nd period - Ryan Getzlaf wins face-off versus Casey Cizikas in Oilers zone.
11:10 of 2nd period - Shot by Jared Spurgeon.
11:10 of 2nd period - Shot Misses the Net.
11:12 of 2nd period - Shot by Jared Spurgeon.
11:12 of 2nd period - Stopped by Connor Hellebuyck without a rebound.
11:13 of 2nd period - Logan Couture wins face-off versus Trevor Moore in Oilers zone.
11:22 of 2nd period - Shot by Tyler Motte.
11:22 of 2nd period - Stopped by Chris Driedger without a rebound.
11:23 of 2nd period - Ryan Getzlaf wins face-off versus Casey Cizikas in Canucks zone.
11:25 of 2nd period - Jonathan Drouin is hit by Casey Cizikas and loses puck.
11:44 of 2nd period - Shot by Jack Hughes.
11:44 of 2nd period - Stopped by Connor Hellebuyck without a rebound.
11:45 of 2nd period - Logan Couture wins face-off versus Alex Galchenyuk in Oilers zone.
12:06 of 2nd period - Shot by Austin Wagner.
12:06 of 2nd period - Stopped by Connor Hellebuyck with a rebound.
12:12 of 2nd period - Shot by Quinton Byfield.
12:12 of 2nd period - Stopped by Connor Hellebuyck without a rebound.
12:13 of 2nd period - Jonathan Drouin wins face-off versus John Tavares in Oilers zone.
13:06 of 2nd period - Icing by Mark Giordano.
13:07 of 2nd period - John Tavares wins face-off versus Alex Galchenyuk in Oilers zone.
13:37 of 2nd period - Icing by Ryan Pulock.
13:38 of 2nd period - Quinton Byfield wins face-off versus Joe Pavelski in Oilers zone.
13:42 of 2nd period - Icing by Ryan Pulock.
13:43 of 2nd period - Joe Pavelski wins face-off versus Quinton Byfield in Oilers zone.
14:09 of 2nd period - Icing by Jordan Oesterle.
14:10 of 2nd period - Quinton Byfield wins face-off versus Christian Dvorak in Canucks zone.
14:16 of 2nd period - Minor Penalty to Jordan Eberle for Tripping.
14:17 of 2nd period - Ryan Getzlaf wins face-off versus Casey Cizikas in Oilers zone.
15:12 of 2nd period - Shot by Trevor Moore.
15:12 of 2nd period - Shot Misses the Net.
15:38 of 2nd period - Shot by Ian Cole.
15:38 of 2nd period - Stopped by Connor Hellebuyck without a rebound.
15:39 of 2nd period - Ryan Getzlaf wins face-off versus Logan Couture in Oilers zone.
15:39 of 2nd period - Jared Spurgeon is hit by Justin Faulk and loses puck.
15:47 of 2nd period - Icing by Jared Spurgeon.
15:48 of 2nd period - Logan Couture wins face-off versus Ryan Getzlaf in Canucks zone.
16:24 of 2nd period - Minor Penalty to Jan Rutta for Hooking.
16:25 of 2nd period - Joe Pavelski wins face-off versus Alex Galchenyuk in Canucks zone.
16:59 of 2nd period - Icing by Tomas Tatar.
17:00 of 2nd period - Ryan Getzlaf wins face-off versus Joe Pavelski in Oilers zone.
17:25 of 2nd period - Shot by Mark Giordano.
17:25 of 2nd period - Shot Blocked by Jared Spurgeon.
17:27 of 2nd period - Shot by Mark Giordano.
17:27 of 2nd period - Shot Misses the Net.
17:29 of 2nd period - Shot by Kevin Hayes.
17:29 of 2nd period - Shot Blocked by Jared Spurgeon.
17:31 of 2nd period - Shot by John Tavares.
17:31 of 2nd period - Stopped by Chris Driedger without a rebound.
17:32 of 2nd period - John Tavares wins face-off versus Jonathan Drouin in Canucks zone.
17:33 of 2nd period - Shot by Mark Giordano.
17:33 of 2nd period - Stopped by Chris Driedger without a rebound.
17:34 of 2nd period - Alex Galchenyuk wins face-off versus Kevin Hayes in Canucks zone.
17:34 of 2nd period - Alex Galchenyuk is hit by Kevin Hayes.
17:50 of 2nd period - Shot by Mark Giordano.
17:50 of 2nd period - Stopped by Chris Driedger without a rebound.
17:51 of 2nd period - John Tavares wins face-off versus Ryan Getzlaf in Canucks zone.
17:56 of 2nd period - Shot by Keith Yandle.
17:56 of 2nd period - Stopped by Chris Driedger without a rebound.
17:57 of 2nd period - Ryan Getzlaf wins face-off versus John Tavares in Canucks zone.
18:10 of 2nd period - Shot by Justin Faulk.
18:10 of 2nd period - Shot Blocked by P.K. Subban.
18:12 of 2nd period - Shot by Justin Faulk.
18:12 of 2nd period - Stopped by Chris Driedger without a rebound.
18:13 of 2nd period - Alex Galchenyuk wins face-off versus Joe Pavelski in Canucks zone.
18:38 of 2nd period - Shot by Christian Dvorak.
18:38 of 2nd period - Stopped by Chris Driedger without a rebound.
18:39 of 2nd period - Ryan Getzlaf wins face-off versus Alex Iafallo in Canucks zone.
18:41 of 2nd period - Icing by Jonathan Drouin.
18:42 of 2nd period - Ryan Getzlaf wins face-off versus Tomas Tatar in Canucks zone.
19:12 of 2nd period - Shot by Joe Pavelski.
19:12 of 2nd period - Shot Misses the Net.
19:29 of 2nd period - Artem Zub is hit by Joe Pavelski.
19:57 of 2nd period - Mark Giordano is hit by P.K. Subban and loses puck.
Goals for this period are 1 for Canucks vs 2 for Oilers.
Shots for this period are 15 for Canucks vs 15 for Oilers.

3rd period


0:01 of 3rd period - Ryan Getzlaf wins face-off versus John Tavares in neutral zone.
0:06 of 3rd period - Kevin Hayes is hit by Jonathan Drouin.
0:07 of 3rd period - Minor Penalty to Ryan Getzlaf for Slashing.
0:08 of 3rd period - John Tavares wins face-off versus Alex Galchenyuk in Canucks zone.
0:25 of 3rd period - Shot by Justin Faulk.
0:25 of 3rd period - Shot Misses the Net.
0:40 of 3rd period - Icing by Kevin Hayes.
0:41 of 3rd period - John Tavares wins face-off versus Alex Galchenyuk in Oilers zone.
0:47 of 3rd period - Off-side.
0:48 of 3rd period - Joe Pavelski wins face-off versus Jack Hughes in neutral zone.
1:20 of 3rd period - Shot by Tomas Tatar.
1:20 of 3rd period - Stopped by Chris Driedger without a rebound.
1:21 of 3rd period - John Tavares wins face-off versus Alex Galchenyuk in Canucks zone.
1:38 of 3rd period - Shot by Logan Couture.
1:38 of 3rd period - Shot Misses the Net.
1:40 of 3rd period - Shot by Mark Giordano.
1:40 of 3rd period - Shot Blocked by Jared Spurgeon.
2:12 of 3rd period - Shot by Christian Fischer.
2:12 of 3rd period - Stopped by Connor Hellebuyck without a rebound.
2:13 of 3rd period - Christian Dvorak wins face-off versus Christian Fischer in Oilers zone.
2:13 of 3rd period - Christian Dvorak is hit by Austin Wagner.
2:30 of 3rd period - Shot by Christian Dvorak.
2:30 of 3rd period - Stopped by Chris Driedger without a rebound.
2:31 of 3rd period - Casey Cizikas wins face-off versus David Backes in Canucks zone.
2:46 of 3rd period - Shot by Casey Cizikas.
2:46 of 3rd period - Stopped by Chris Driedger without a rebound.
2:47 of 3rd period - Ryan Getzlaf wins face-off versus John Tavares in Canucks zone.
3:00 of 3rd period - Shot by Ryan Getzlaf.
3:00 of 3rd period - Shot Misses the Net.
3:26 of 3rd period - Shot by Jonathan Drouin.
3:26 of 3rd period - Shot Misses the Net.
4:14 of 3rd period - Icing by John Tavares.
4:15 of 3rd period - John Tavares wins face-off versus Quinton Byfield in Oilers zone.
4:32 of 3rd period - Mark Giordano is hit by Quinton Byfield and loses puck.
4:51 of 3rd period - Shot by Quinton Byfield.
4:51 of 3rd period - Stopped by Connor Hellebuyck without a rebound.
4:52 of 3rd period - Ryan Getzlaf wins face-off versus Joe Pavelski in Oilers zone.
5:19 of 3rd period - Icing by Brian Dumoulin.
5:20 of 3rd period - Alex Galchenyuk wins face-off versus Joe Pavelski in Oilers zone.
5:30 of 3rd period - Icing by Mike Reilly.
5:31 of 3rd period - Joe Pavelski wins face-off versus Quinton Byfield in Oilers zone.
5:31 of 3rd period - Joe Pavelski is hit by Austin Wagner.
5:39 of 3rd period - Minor Penalty to Austin Wagner for Roughing.
5:40 of 3rd period - John Tavares wins face-off versus Jack Hughes in Canucks zone.
6:16 of 3rd period - Shot by Ryan Pulock.
6:16 of 3rd period - Deflect By Kevin Hayes.
6:16 of 3rd period - Stopped by Chris Driedger without a rebound.
6:17 of 3rd period - Joe Pavelski wins face-off versus Alex Galchenyuk in Canucks zone.
6:28 of 3rd period - Shot by Mark Giordano.
6:28 of 3rd period - Shot Blocked by Alex Galchenyuk.
6:30 of 3rd period - Shot by Mark Giordano.
6:30 of 3rd period - Deflect By Joe Pavelski.
6:30 of 3rd period - Stopped by Chris Driedger without a rebound.
6:31 of 3rd period - Joe Pavelski wins face-off versus Ryan Getzlaf in Canucks zone.
6:32 of 3rd period - Shot by Alex Iafallo.
6:32 of 3rd period - Shot Misses the Net.
6:34 of 3rd period - Shot by Mark Giordano.
6:34 of 3rd period - Stopped by Chris Driedger without a rebound.
6:35 of 3rd period - Joe Pavelski wins face-off versus Ryan Getzlaf in Canucks zone.
7:06 of 3rd period - Artem Zub is hit by Tomas Tatar and loses puck.
7:33 of 3rd period - Shot by Ryan Pulock.
7:33 of 3rd period - Shot Misses the Net.
7:35 of 3rd period - Shot by Ryan Pulock.
7:35 of 3rd period - Stopped by Chris Driedger without a rebound.
7:36 of 3rd period - John Tavares wins face-off versus Alex Galchenyuk in Canucks zone.
7:37 of 3rd period - Shot by Ryan Pulock.
7:37 of 3rd period - Stopped by Chris Driedger without a rebound.
7:38 of 3rd period - Alex Galchenyuk wins face-off versus Kevin Hayes in Canucks zone.
7:43 of 3rd period - Shot by Jan Rutta.
7:43 of 3rd period - Shot Misses the Net.
7:57 of 3rd period - Shot by Austin Wagner.
7:57 of 3rd period - Stopped by Connor Hellebuyck with a rebound.
7:59 of 3rd period - Shot by Quinton Byfield.
7:59 of 3rd period - Shot Misses the Net.
8:01 of 3rd period - Shot by Austin Wagner.
8:01 of 3rd period - Stopped by Connor Hellebuyck without a rebound.
8:02 of 3rd period - Kevin Hayes wins face-off versus Ryan Getzlaf in Oilers zone.
8:13 of 3rd period - Shot by Logan Couture.
8:13 of 3rd period - Shot Misses the Net.
8:15 of 3rd period - Shot by Logan Couture.
8:15 of 3rd period - Deflect By John Tavares.
8:15 of 3rd period - Goal by John Tavares - Canucks : 2 - Oilers : 5.
8:16 of 3rd period - Alexander Kerfoot wins face-off versus Joe Pavelski in neutral zone.
8:23 of 3rd period - Shot by Artem Zub.
8:23 of 3rd period - Deflect By Alex Galchenyuk.
8:23 of 3rd period - Stopped by Connor Hellebuyck without a rebound.
8:24 of 3rd period - Ryan Getzlaf wins face-off versus Christian Dvorak in Oilers zone.
8:24 of 3rd period - Jared Spurgeon is hit by Keith Yandle and loses puck.
8:53 of 3rd period - Shot by Tyler Motte.
8:53 of 3rd period - Shot Misses the Net.
8:58 of 3rd period - Icing by P.K. Subban.
8:59 of 3rd period - Joe Pavelski wins face-off versus Ryan Getzlaf in Canucks zone.
9:04 of 3rd period - Shot by Joe Pavelski.
9:04 of 3rd period - Stopped by Chris Driedger with a rebound.
9:14 of 3rd period - Shot by Tomas Tatar.
9:14 of 3rd period - Shot Blocked by Jared Spurgeon.
9:16 of 3rd period - Shot by Ryan Pulock.
9:16 of 3rd period - Stopped by Chris Driedger without a rebound.
9:17 of 3rd period - John Tavares wins face-off versus Trevor Moore in Canucks zone.
9:17 of 3rd period - John Tavares is hit by Artem Zub.
9:23 of 3rd period - Shot by John Tavares.
9:23 of 3rd period - Stopped by Chris Driedger with a rebound.
9:29 of 3rd period - Shot by John Tavares.
9:29 of 3rd period - Stopped by Chris Driedger without a rebound.
9:30 of 3rd period - Arttu Ruotsalainen wins face-off versus Joe Pavelski in Canucks zone.
9:47 of 3rd period - Shot by Sam Gagner.
9:47 of 3rd period - Shot Misses the Net.
9:49 of 3rd period - Shot by Arttu Ruotsalainen.
9:49 of 3rd period - Shot Misses the Net.
9:51 of 3rd period - Shot by David Backes.
9:51 of 3rd period - Shot Misses the Net.
10:31 of 3rd period - Off-side.
10:32 of 3rd period - Alex Galchenyuk wins face-off versus John Tavares in neutral zone.
10:40 of 3rd period - Off-side.
10:41 of 3rd period - Casey Cizikas wins face-off versus Ryan Getzlaf in neutral zone.
10:41 of 3rd period - Robby Fabbri is hit by Jack Hughes and loses puck.
11:14 of 3rd period - Shot by Robby Fabbri.
11:14 of 3rd period - Stopped by Chris Driedger without a rebound.
11:15 of 3rd period - Alex Galchenyuk wins face-off versus John Tavares in Canucks zone.
11:47 of 3rd period - Icing by Brian Dumoulin.
11:48 of 3rd period - Ryan Getzlaf wins face-off versus John Tavares in Oilers zone.
11:54 of 3rd period - Mike Reilly is hit by P.K. Subban.
11:58 of 3rd period - Shot by John Tavares.
11:58 of 3rd period - Stopped by Chris Driedger without a rebound.
11:59 of 3rd period - Christian Dvorak wins face-off versus Quinton Byfield in Canucks zone.
12:12 of 3rd period - Shot by Christian Dvorak.
12:12 of 3rd period - Stopped by Chris Driedger without a rebound.
12:13 of 3rd period - Joe Pavelski wins face-off versus Ryan Getzlaf in Canucks zone.
12:20 of 3rd period - Shot by Alex Iafallo.
12:20 of 3rd period - Shot Misses the Net.
12:30 of 3rd period - Shot by Alex Iafallo.
12:30 of 3rd period - Stopped by Chris Driedger without a rebound.
12:31 of 3rd period - Christian Dvorak wins face-off versus Alex Galchenyuk in Canucks zone.
12:41 of 3rd period - Alexander Kerfoot is hit by Justin Faulk.
12:43 of 3rd period - Shot by Trevor Moore.
12:43 of 3rd period - Stopped by Connor Hellebuyck without a rebound.
12:44 of 3rd period - John Tavares wins face-off versus Jonathan Drouin in Oilers zone.
12:44 of 3rd period - John Tavares is hit by Jack Hughes.
13:59 of 3rd period - Icing by Justin Faulk.
14:00 of 3rd period - Tyler Motte wins face-off versus Alex Galchenyuk in Oilers zone.
14:06 of 3rd period - Shot by Justin Faulk.
14:06 of 3rd period - Shot Blocked by P.K. Subban.
14:16 of 3rd period - Shot by Christian Dvorak.
14:16 of 3rd period - Shot Misses the Net.
14:18 of 3rd period - Shot by Tyler Motte.
14:18 of 3rd period - Stopped by Chris Driedger without a rebound.
14:19 of 3rd period - Joe Pavelski wins face-off versus Quinton Byfield in Canucks zone.
14:27 of 3rd period - Icing by Jan Rutta.
14:28 of 3rd period - Quinton Byfield wins face-off versus Joe Pavelski in Canucks zone.
14:33 of 3rd period - Shot by Christian Fischer.
14:33 of 3rd period - Stopped by Connor Hellebuyck without a rebound.
14:34 of 3rd period - Alex Galchenyuk wins face-off versus Casey Cizikas in Oilers zone.
14:39 of 3rd period - Shot by Alex Galchenyuk.
14:39 of 3rd period - Stopped by Connor Hellebuyck without a rebound.
14:40 of 3rd period - Alex Galchenyuk wins face-off versus Joe Pavelski in Oilers zone.
14:47 of 3rd period - Shot by Alex Galchenyuk.
14:47 of 3rd period - Stopped by Connor Hellebuyck with a rebound.
15:22 of 3rd period - Shot by Alexander Kerfoot.
15:22 of 3rd period - Stopped by Connor Hellebuyck without a rebound.
15:23 of 3rd period - Devin Shore wins face-off versus Ryan Getzlaf in Oilers zone.
15:23 of 3rd period - Devin Shore is hit by Ryan Getzlaf.
15:28 of 3rd period - Mark Giordano is hit by Artem Zub and loses puck.
15:33 of 3rd period - Shot by Casey Cizikas.
15:33 of 3rd period - Shot Blocked by Artem Zub.
15:58 of 3rd period - Shot by Robby Fabbri.
15:58 of 3rd period - Shot Misses the Net.
16:03 of 3rd period - Robby Fabbri is hit by Artem Zub and loses puck.
16:34 of 3rd period - Shot by John Tavares.
16:34 of 3rd period - Stopped by Chris Driedger without a rebound.
16:35 of 3rd period - Joe Pavelski wins face-off versus Alex Galchenyuk in Canucks zone.
16:56 of 3rd period - Shot by Alex Iafallo.
16:56 of 3rd period - Shot Misses the Net.
16:58 of 3rd period - Shot by Justin Faulk.
16:58 of 3rd period - Stopped by Chris Driedger without a rebound.
16:59 of 3rd period - Quinton Byfield wins face-off versus Christian Dvorak in Canucks zone.
16:59 of 3rd period - Quinton Byfield is hit by Tyler Motte.
17:09 of 3rd period - Shot by Quinton Byfield.
17:09 of 3rd period - Shot Misses the Net.
17:12 of 3rd period - Icing by Jordan Eberle.
17:13 of 3rd period - Christian Dvorak wins face-off versus Alex Galchenyuk in Oilers zone.
17:30 of 3rd period - Shot by Tyler Motte.
17:30 of 3rd period - Shot Misses the Net.
18:21 of 3rd period - Shot by Logan Couture.
18:21 of 3rd period - Shot Blocked by P.K. Subban.
18:23 of 3rd period - Shot by John Tavares.
18:23 of 3rd period - Shot Misses the Net.
18:45 of 3rd period - Shot by Mark Giordano.
18:45 of 3rd period - Shot Blocked by Jared Spurgeon.
19:12 of 3rd period - Shot by Tomas Tatar.
19:12 of 3rd period - Shot Misses the Net.
19:41 of 3rd period - Jonathan Drouin is hit by Ryan Pulock and loses puck.
Goals for this period are 0 for Canucks vs 1 for Oilers.
Shots for this period are 10 for Canucks vs 20 for Oilers.